Map: Moondance

Players

Maglon

  • Race: Terran Terran
  • League: Diamond
  • Spawn Location: 12:00

IllIIIllllII - Winner!

  • Race: Terran Terran
  • League: Diamond
  • Spawn Location: 6:00

VOD

Have the link to the VOD?

Description

Time

  • Played on: Dec. 14, 2022, 1:38 p.m.
  • Length: 16:09
Show
View Real Time Build Order
Export as new Build Order

Maglon Terran 

Build Orders:  

Get SALT Encoding   

  12  0:00  SCV  
  13  0:12  SCV  
  14  0:18  Supply Depot  
  14  0:24  SCV  
  15  0:40  SCV  
  16  0:47  Barracks  
  16  0:52  SCV  
  17  1:04  SCV  
  18  1:17  Command Center  
  18  1:23  SCV  
  19  1:34  Marine  
  19  1:35  Orbital Command  
  20  1:42  Refinery  
  20  1:47  Refinery  
  20  1:52  Marine  
  21  2:06  SCV  
  22  2:12  Engineering Bay  
  22  2:14  Bunker  
  22  2:21  SCV  
  23  2:33  Factory  
  23  2:35  SCV  
  24  2:37  SCV  
  25  2:47  Hi-Sec Auto Tracking, SCV  
  25  2:51  SCV  
  27  2:59  SCV  
  27  3:03  SCV  
  27  3:04  Refinery  
  29  3:11  SCV  
  29  3:15  SCV  
  29  3:19  Engineering Bay  
  30  3:26  Barracks  
  30  3:27  SCV  
  30  3:32  Widow Mine  
  33  3:35  Marine  
  33  3:38  SCV  
  35  3:42  SCV  
  36  3:50  SCV  
  37  3:56  Marine  
  37  4:10  SCV  
  37  4:16  Starport  
  38  4:20  Marine, Planetary Fortress  
  34  4:51  SCV  
  33  5:02  SCV, Widow Mine, Starport Tech Lab  
  33  5:03  SCV  
  33  5:07  Marine  
  34  5:14  SCV  
  34  5:15  SCV  
  33  5:23  Widow Mine  
  38  5:37  Missile Turret  
  38  5:39  Missile Turret  
  38  5:41  SCV x2, Refinery  
  37  5:43  Missile Turret  
  37  5:46  Missile Turret  
  37  5:53  Missile Turret x2  
  37  5:54  SCV  
  37  5:55  Missile Turret  
  37  5:56  SCV, Factory Tech Lab  
  28  6:27  Siege Tank  
  28  6:30  SCV  
  31  6:34  SCV  
  32  6:42  SCV  
  32  6:46  SCV  
  34  6:54  SCV, Supply Depot  
  34  6:57  Missile Turret  
  34  6:58  SCV  
  33  7:01  Corvid Reactor  
  33  7:06  SCV  
  34  7:10  SCV  
  35  7:18  SCV  
  35  7:22  Missile Turret, SCV  
  37  7:26  Command Center  
  37  7:28  Missile Turret x2  
  37  7:30  SCV  
  37  7:31  Supply Depot  
  37  7:34  SCV  
  39  7:42  SCV  
  40  7:44  Raven  
  40  7:45  Factory Tech Lab  
  40  7:46  SCV, Command Center  
  40  7:48  Starport  
  41  7:54  SCV  
  38  7:58  SCV  
  39  8:12  SCV  
  38  8:19  Missile Turret, SCV  
  39  8:22  Missile Turret  
  39  8:24  SCV  
  40  8:33  SCV  
  41  8:39  SCV  
  42  8:49  Orbital Command  
  42  8:52  Starport Tech Lab  
  42  8:55  SCV  
  43  9:08  Raven  
  45  9:10  SCV  
  45  9:13  SCV  
  45  9:15  SCV  
  48  9:19  Refinery  
  48  9:22  SCV  
  48  9:23  Raven  
  51  9:25  SCV  
  52  9:33  Planetary Fortress  
  52  9:37  SCV  
  52  9:38  SCV  
  54  9:40  SCV  
  55  9:46  Engineering Bay  
  55  9:50  SCV  
  55  9:54  Raven  
  55  9:56  SCV  
  55  9:57  Engineering Bay  
  58  10:03  SCV x2  
  58  10:06  Raven  
  62  10:11  SCV  
  63  10:16  Missile Turret  
  63  10:21  SCV  
  63  10:25  SCV  
  65  10:30  SCV  
  65  10:32  SCV  
  67  10:42  SCV  
  67  10:44  Raven  
  69  10:54  SCV  
  70  11:02  SCV  
  71  11:06  Starport Tech Lab, SCV  
  71  11:09  Neosteel Armor  
  71  11:10  Armory, Starport  
  72  11:12  Missile Turret  
  72  11:13  SCV x2  
  72  11:14  Refinery  
  72  11:15  Refinery  
  72  11:16  SCV  
  75  11:19  SCV  
  76  11:27  Raven  
  76  11:30  Missile Turret  
  76  11:31  Missile Turret  
  76  11:32  SCV x2  
  80  11:34  Missile Turret  
  80  11:41  Raven  
  80  11:44  SCV  
  84  11:53  Missile Turret  
  84  11:55  Starport Tech Lab  
  84  11:57  SCV  
  84  12:01  Command Center  
  84  12:27  Supply Depot  
  84  12:28  Raven, Supply Depot x2  
  84  12:29  SCV x2  
  88  12:31  Raven x2  
  88  12:34  Terran Vehicle And Ship Armor Level 1  
  92  12:39  Supply Depot, Drilling Claws  
  92  12:46  Factory  
  92  12:47  Factory x2  
  92  12:49  Widow Mine  
  89  13:10  Missile Turret  
  89  13:44  Widow Mine  
  83  14:12  Raven x3  
  89  14:17  Widow Mine  
  83  14:26  Factory Reactor x3  
  83  14:29  SCV  
  84  14:39  Widow Mine  
  72  15:00  Widow Mine  
  74  15:22  Widow Mine  
Show
View Real Time Build Order
Export as new Build Order

IllIIIllllII Terran - Winner!

Build Orders:  

Get SALT Encoding   

  12  0:01  SCV  
  13  0:13  SCV  
  14  0:21  Supply Depot  
  14  0:25  SCV  
  15  0:31  Refinery  
  15  0:48  SCV  
  15  0:49  Barracks  
  16  1:00  SCV  
  17  1:12  SCV  
  18  1:24  SCV  
  19  1:30  Barracks  
  19  1:31  Barracks  
  19  1:32  Refinery  
  19  1:41  Reaper  
  19  1:45  Supply Depot  
  20  1:50  SCV  
  21  2:08  Orbital Command  
  21  2:18  Reaper x3  
  24  2:28  Supply Depot  
  25  2:37  SCV  
  25  2:49  SCV  
  26  2:52  Reaper  
  26  2:57  Barracks Tech Lab  
  27  2:59  Barracks Tech Lab  
  27  3:04  SCV  
  28  3:10  Supply Depot  
  28  3:40  SCV  
  28  3:41  Marauder x2  
  31  3:42  Stimpack  
  31  3:43  Marine  
  34  3:52  SCV  
  35  4:01  Marine  
  35  4:02  Marauder  
  38  4:03  Marauder  
  40  4:35  SCV  
  40  4:37  Marauder x2  
  40  4:38  Marine  
  44  4:56  Marine  
  44  4:58  Marauder  
  47  5:16  Command Center  
  47  5:34  Marauder  
  47  5:47  Factory  
  47  5:48  Barracks, Factory  
  47  5:50  Supply Depot  
  47  5:51  Supply Depot  
  47  5:54  Marine  
  47  5:57  Marine  
  42  6:27  Marine x3  
  40  6:36  Marine  
  40  6:37  Factory Tech Lab x2  
  41  6:40  Supply Depot  
  41  6:43  Supply Depot  
  41  6:44  Marine  
  37  6:50  Marine x2  
  37  6:54  Orbital Command, Engineering Bay, Marine  
  40  7:01  Cyclone  
  40  7:02  Cyclone  
  40  7:03  Mag-Field Accelerator  
  46  7:09  SCV  
  47  7:21  SCV  
  48  7:29  SCV  
  49  7:33  SCV, Siege Tank  
  53  7:40  Cyclone  
  53  7:41  SCV  
  57  7:46  SCV  
  44  8:20  Siege Tank x2  
  44  8:26  SCV x2  
  52  8:28  Refinery  
  52  8:29  Refinery  
  52  8:36  Command Center  
  52  8:44  SCV x2  
  54  8:52  Siege Tank  
  57  8:56  SCV x2  
  59  9:06  Siege Tank  
  59  9:08  SCV x2  
  64  9:23  Combat Shield  
  64  9:24  Marine x3  
  64  9:25  SCV x2  
  69  9:37  SCV x2  
  71  9:45  Cyclone x2  
  77  10:17  Cyclone x2  
  77  10:18  SCV x2  
  82  10:49  Cyclone x2  
  64  11:10  Planetary Fortress  
  64  11:21  Cyclone x2  
  70  11:33  Sensor Tower  
  70  11:36  Command Center, Factory  
  70  11:38  Factory  
  70  11:39  Sensor Tower  
  70  11:41  Factory  
  70  11:53  Cyclone  
  70  11:54  Cyclone  
  76  12:00  SCV  
  76  12:01  SCV  
  78  12:04  SCV  
  78  12:07  Missile Turret  
  79  12:08  Sensor Tower  
  79  12:10  Sensor Tower  
  76  12:16  SCV  
  74  12:25  Cyclone  
  74  12:26  Cyclone  
  74  12:28  Factory Tech Lab  
  74  12:29  Factory Tech Lab x2  
  80  12:46  Missile Turret  
  80  12:48  Missile Turret  
  80  12:57  Cyclone  
  80  12:58  Cyclone x3  
  92  13:06  Cyclone  
  92  13:11  SCV  
  96  13:23  SCV  
  85  13:29  Cyclone  
  85  13:30  Cyclone x3  
  85  13:31  Missile Turret  
  94  13:35  SCV  
  95  13:47  SCV  
  89  14:17  Cyclone x3  
  89  14:18  Cyclone  
  101  14:26  Command Center  
  101  14:28  Refinery x2  
  98  14:41  Command Center  
  86  14:50  Cyclone x2  
Tags
 
Matchup
TvT
Race
Terran
Spawn Locations
Cross Positions
Add a new tag
Caveats
  • Supply blocks, unpowered buildings, or Contaminate may cause inaccurate times.
  • Supply counts are checked every 10 seconds.